 Dungeon Crawl Stone Soup version 0.31-a0-968-g24f9ace8b5 (webtiles) character file.

Game seed: 18159044434408891544

39 avis the Ducker (level 3, 16/16 HPs)
             Began as a Felid Shapeshifter on Oct 28, 2023.
             Got out of the dungeon alive.
             The game lasted 00:04:13 (1226 turns).

avis the Ducker (Felid Shapeshifter)                Turns: 1226, Time: 00:04:14

Health: 16/16      AC:  1    Str: 10    XL:     3   Next: 26%
Magic:  4/4        EV: 18    Int: 11    God:
Gold:   59         SH:  0    Dex: 17    Spells: 2/2 levels left
                                        Lives:  0   Deaths: 1

rFire   . .          .
                       - Unarmed
rCold   . . .        (shield unavailable)
rNeg    . . .        (body armour unavailable)
rPois   .            (helmet unavailable)
rElec   .            (cloak unavailable)
rCorr   .            (gloves unavailable)
SInv    +            (boots unavailable)
Will    .....        (no amulet)
Stlth   ++           (no ring)
HPRegen 0.22/turn    (no ring)
MPRegen 0.09/turn

%: no passive effects
@: beast-form, quick
A: beast (slay +2), very small, claws 1, fangs 3, see invisible, speed 1, shaggy
fur 1, stealthy paws, no weapons or thrown items, no armour, multi-lived
a: Begin Untransformation


You escaped.
You were a hulking beast.
You visited 1 branch of the dungeon, and saw 2 of its levels.

You collected 59 gold pieces.

Inventory:

Talismans
 b - a beast talisman
 c - a flux talisman
Scrolls
 d - a scroll of summoning {unknown}
 g - a scroll of enchant armour {unknown}
Potions
 a - a potion of lignification
 e - a potion of might {unknown}
 f - a potion of curing {unknown}
 h - a potion of invisibility {unknown}
 i - a potion of cancellation {unknown}


   Skills:
 + Level 1.7 Fighting
 * Level 4.0 Dodging
 - Level 3.0 Unarmed Combat
 + Level 3.6 Shapeshifting


You had 2 spell levels left.
You didn't know any spells.
Your spell library was empty.

Dungeon Overview and Level Annotations

Branches:
Dungeon (2/15)

Altars:


Innate Abilities, Weirdness & Mutations

You are a hulking beast.
Your limbs bulge with bestial killing power. (Slay +2)
You have sharp claws.
You have razor-sharp teeth.
You have supernaturally acute eyesight. (SInv)
You cover ground quickly. (Speed+)
You are covered in fur. (AC +1)
Your paws help you pounce on unaware monsters.
You are incapable of wielding weapons or throwing items.
You cannot wear armour.
You gain extra lives every three experience levels.


Message History

Ouch! That really hurt!
* * * LOW HITPOINT WARNING * * *
You climb upwards.
There is a stone staircase leading down here.
There is an open door here.
There is an open door here.
You close the door.
You start resting.
HP restored.
You scratch the gnoll.
The gnoll is lightly wounded.
The gnoll misses you.
You claw the gnoll!
The gnoll is severely wounded.
The gnoll hits you with a +0 flail!
Ouch! That really hurt!
* * * LOW HITPOINT WARNING * * *
You scratch the gnoll.
The gnoll is severely wounded.
You barely miss the gnoll.
The gnoll is severely wounded.
The gnoll hits you with a +0 flail.
* * * LOW HITPOINT WARNING * * *
You scratch the gnoll.
The gnoll is almost dead.
The gnoll hits you with a +0 flail!
Ouch! That really hurt!
You die...
Your shape twists and changes as you die.
You rejoin the land of the living...
A gnoll is nearby!
You scratch the gnoll.
You kill the gnoll!
Your Dodging skill increases to level 4!
Things that are here:
a +0 flail; a gnoll corpse
There is an open door here.
There is a staircase leading out of the dungeon here.
You can't go down here!
You have escaped!

#g## #..# ##'# ####.####
##..#.#..########
#.#.#.#.#.#.....#
#..#...#..#####.#
###########.....#######.#
#......'.....h.....'.##.#
#.###..####.....####.##.#
#.# #)..#..#...#..##.##.###
#.###.###.#.#.#.#.##......#
#.....# ##..#.#..##.....#.#
###.### ####.###########.#
#.# ###+# #.# #.# ##...##
#.# ##.#
##.....##########.#


There were no monsters in sight!

Vanquished Creatures
  A gnoll (D:1)
  An adder (D:1)
  A dart slug (D:1)
  A ball python (D:1)
  An endoplasm (D:2)
  2 giant cockroaches (D:1)
  3 goblins (D:1)
  A hobgoblin (D:1)
  A quokka (D:1)
  2 bats (D:1)
  2 frilled lizards
  A kobold (D:2)
  A rat (D:1)
18 creatures vanquished.

Notes
Turn   | Place    | Note
-------+----------+-------------------------------------------
     0 | D:1      | avis the Felid Shapeshifter began the quest for the Orb.
     0 | D:1      | Reached XP level 1. HP: 9/9 MP: 2/2
   213 | D:1      | Reached skill level 3 in Dodging
   276 | D:1      | Reached XP level 2. HP: 11/12 MP: 3/3
  1024 | D:1      | Reached XP level 3. HP: 2/15 MP: 4/4
  1178 | D:1      | Mangled by a gnoll
  1216 | D:1      | Reached skill level 4 in Dodging
  1226 | D:$      | Got out of the dungeon alive.

Illustrated notes

Levels and vault maps discovered:
D:1:      nzn_arrival_crosshair, layout_loops_corners, kennysheep_doodads,
          skrybe_limestone_x
D:2:      layout_rooms, basic_altar, kennysheep_cross_bottleneck, uniq_sigmund,
          uniq_natasha, uniq_robin

Skill      XL: |  1  2  3 |
---------------+----------+-----
Dodging        | 3 4 |  4.0
Fighting       | |  1.7
Unarmed Combat | |  3.0
Shapeshifting  | |  3.6

Action                     || total
---------------------------++-------
  Melee: Unarmed           ||    35
         Bite              ||     5
    Use: Potion            ||     1
   Stab: Sleeping          ||     3
 Armour: Skin              ||    14
  Dodge: Dodged            ||     9

Table legend: (Time is in decaauts)
 A = Elapsed time spent in this place.
 B = Non-inter-level travel time spent in this place.
 C = Inter-level travel time spent in this place.
 D = Time resting spent in this place.
 E = Time spent auto-exploring this place.
 F = Levels seen in this place.
 G = Mean time per level.
                   A        B        C        D        E       F      G
               +--------+--------+--------+--------+--------+-----+--------+
         Total |   1021 |    940 |     81 |    106 |    640 |   2 |  510.5 |
       Dungeon |   1021 |    940 |     81 |    106 |    640 |   2 |  510.5 |
               +--------+--------+--------+--------+--------+-----+--------+

Top non-repeatable levels by time:
     D:1: 907 daAuts
     D:2: 114 daAuts
